 Dungeon Crawl Stone Soup version 0.23-a0-172-g8f65603 (webtiles) character file.

229803 Petal the End of an Era (level 18, 0/136 HPs)
             Began as a Demonspawn Monk on Sept 15, 2018.
             Was the Champion of Qazlal.
             Killed from afar by a halazid warlock (10 damage)
             ... with a ghostly fireball
             ... in the Desolation of Salt.
             The game lasted 01:05:01 (32570 turns).

Petal the End of an Era (Demonspawn Monk)          Turns: 32570, Time: 01:05:01

Health: 0/136      AC: 22    Str: 18    XL:     18   Next: 74%
Magic:  0/41       EV: 19    Int: 14    God:    Qazlal [******]
Gold:   501        SH: 23    Dex: 20    Spells: 17/17 levels left

rFire    + + .     SeeInvis +   R - +1 war axe (vamp)
rCold    + + .     Gourm    .   I - +1 shield of the Nine Dances {rC+ Dex+5}
rNeg     + . .     Faith    +   e - +2 pearl dragon scales
rPois    +         Spirit   +   (helmet unavailable)
rElec    .         Reflect  .   d - +0 cloak
rCorr    .         Harm     .   F - +0 pair of gloves {archery}
MR       +....                  J - +1 pair of boots
Stlth    ..........             Y - amulet of faith
HPRegen  0.32/turn              b - ring of Byun {rPois rF+ MP+9 SInv}
MPRegen  0.54/turn              O - +5 ring of evasion

@: about to teleport, protected from physical damage, studying Axes, drained,
repel missiles
A: horns 3, icy blue scales 3, deformed body, fire resistance 1, foul stench 1,
magic shield, magic regeneration, magic link, rot immunity, flame cloud immunity
}: 1/15 runes: decaying
a: Upheaval, Elemental Force, Disaster Area, Renounce Religion


You were in the Desolation of Salt.
You worshipped Qazlal.
Qazlal was exalted by your worship.
You were not hungry.

You visited 5 branches of the dungeon, and saw 29 of its levels.
You also visited: Labyrinth and Desolation.

You collected 3163 gold pieces.
You spent 2662 gold pieces at shops.

Inventory:

Hand Weapons
 w - a +6 broad axe of freezing
 x - a +0 vampiric demon whip
 R - a +1 vampiric war axe (weapon)
Armour
 d - a +0 cloak (worn)
 e - +2 pearl dragon scales (worn)
 F - a +0 pair of gloves of archery (worn)
 I - the +1 shield of the Nine Dances (worn) {rC+ Dex+5}
   (You took it off Donald on level 2 of the Orcish Mines)

   It affects your dexterity (+5).
   It protects you from cold.
 J - a +1 pair of boots (worn)
 S - the +6 chain mail of the Constellations {SInv}
   (You took it off an orc warlord on level 1 of the Orcish Mines)

   It lets you see invisible.
Jewellery
 b - the ring of Byun (left hand) {rPois rF+ MP+9 SInv}
   (You bought it in a shop on level 2 of the Orcish Mines)

   [ring of magical power]

   It protects you from fire.
   It protects you from poison.
   It affects your magic capacity (+9).
   It lets you see invisible.
 p - an uncursed ring of resist corrosion
 s - an uncursed ring of protection from magic
 A - an uncursed ring of protection from cold
 O - a +5 ring of evasion (right hand)
 Y - an amulet of faith (around neck)
Wands
 a - a wand of acid (10)
 j - a wand of clouds (3)
 m - a wand of polymorph (44)
 E - a wand of disintegration (37)
 L - a wand of paralysis (68)
 M - a wand of random effects (18)
 Q - a wand of iceblast (15)
 V - a wand of digging (22)
 W - a wand of enslavement (3)
Scrolls
 i - 2 scrolls of fog
 k - 15 scrolls of remove curse
 l - a scroll of fear
 q - 5 scrolls of immolation
 t - a scroll of amnesia
 y - 17 scrolls of teleportation
 C - 6 scrolls of identify
 D - 9 scrolls of magic mapping
 P - 3 scrolls of enchant armour
Potions
 f - 2 potions of magic
 n - a potion of ambrosia
 o - 2 potions of cancellation
 r - 4 potions of haste
 u - 6 potions of brilliance
 v - a potion of flight
 z - 2 potions of mutation
 B - 7 potions of curing
 G - 4 potions of agility
 H - 2 potions of might
 N - 6 potions of lignification
Books
 K - a manual of Axes
Miscellaneous
 h - a sack of spiders
 Z - 2 boxes of beasts
Comestibles
 c - 47 rations


   Skills:
 + Level 10.8(10.0) Fighting
 * Level 16.4(15.5) Axes
 - Level 9.1(8.3) Armour
 - Level 8.5(7.8) Dodging
 - Level 2.1(1.5) Stealth
 - Level 15.0(14.1) Shields
 * Level 21.2(20.2) Invocations
 - Level 0.3(0.0) Evocations


You had 17 spell levels left.
You didn't know any spells.
Your spell library contained the following spells:

 Spells                   Type           Power        Failure   Level  Hunger
 Animate Skeleton         Necr           N/A          71%         1    ##.....
 Apportation              Tloc           #.....       71%         1    ##.....
 Beastly Appendage        Tmut           #.....       71%         1    ##.....
 Confusing Touch          Hex            #.....       71%         1    ##.....
 Corona                   Hex            #......      71%         1    ##.....
 Flame Tongue             Conj/Fire      #....        71%         1    ##.....
 Pain                     Necr           #...         71%         1    ##.....
 Sandblast                Erth           #.....       71%         1    ##.....
 Shock                    Conj/Air       #...         71%         1    ##.....
 Summon Small Mammal      Summ           #...         71%         1    ##.....
 Call Imp                 Summ           #.......     85%         2    ###....
 Passwall                 Tmut/Erth      #.......     85%         2    ###....
 Searing Ray              Conj           #.....       85%         2    ###....
 Shroud of Golubria       Chrm/Tloc      #.........   85%         2    ###....
 Slow                     Hex            #.......     85%         2    ###....
 Sticks to Snakes         Tmut           #.......     85%         2    ###....
 Swiftness                Chrm/Air       #.......     85%         2    ###....
 Throw Flame              Conj/Fire      #.....       85%         2    ###....
 Call Canine Familiar     Summ           #.......     97%         3    ####...
 Conjure Flame            Conj/Fire      #.......     97%         3    ####...
 Ignite Poison            Fire/Tmut/Pois #.......     97%         3    ####...
 Inner Flame              Hex/Fire       #.......     97%         3    ####...
 Mephitic Cloud           Conj/Pois/Air  #.......     97%         3    ####...
 Portal Projectile        Hex/Tloc       #.....       97%         3    ####...
 Recall                   Summ/Tloc      N/A          97%         3    ####...
 Regeneration             Chrm/Necr      #.........   97%         3    ####...
 Spider Form              Tmut/Pois      #.........   97%         3    ####...
 Static Discharge         Conj/Air       #.......     97%         3    ####...
 Stone Arrow              Conj/Erth      #.....       97%         3    ####...
 Summon Guardian Golem    Hex/Summ       #.......     97%         3    ####...
 Vampiric Draining        Necr           #.........   97%         3    ####...
 Animate Dead             Necr           N/A          100%        4    #####..
 Cause Fear               Hex            #.........   100%        4    #####..
 Fulminant Prism          Conj/Hex       #.........   100%        4    #####..
 Ice Form                 Ice/Tmut       #.......     100%        4    #####..
 Leda's Liquefaction      Hex/Erth       #.........   100%        4    #####..
 Passage of Golubria      Tloc           N/A          100%        4    #####..
 Petrify                  Tmut/Erth      #.......     100%        4    #####..
 Summon Ice Beast         Ice/Summ       #.......     100%        4    #####..
 Summon Lightning Spire   Summ/Air       #.......     100%        4    #####..
 Blade Hands              Tmut           #.........   100%        5    ######.
 Bolt of Magma            Conj/Fire/Erth #.........   100%        5    ######.
 Borgnjor's Vile Clutch   Necr/Erth      #.........   100%        5    ######.
 Fireball                 Conj/Fire      #.........   100%        5    ######.
 Irradiate                Conj/Tmut      #.........   100%        5    ######.
 Iskenderun's Battlesphe  Conj/Chrm      #.......     100%        5    ######.
 Lee's Rapid Deconstruct  Erth           #.........   100%        5    ######.
 Venom Bolt               Conj/Pois      #.........   100%        5    ######.
 Bolt of Fire             Conj/Fire      #.........   100%        6    #######
 Darkness                 Hex            #.........   100%        6    #######
 Death Channel            Necr           #.........   100%        6    #######
 Invisibility             Hex            #.......     100%        6    #######
 Iron Shot                Conj/Erth      #.........   100%        6    #######
 Simulacrum               Ice/Necr       #.........   100%        6    #######
 Statue Form              Tmut/Erth      #........    100%        6    #######
 Dragon Form              Tmut           #.........   100%        7    #######
 Orb of Destruction       Conj           #.........   100%        7    #######
 Ring of Flames           Chrm/Fire      #.........   100%        7    #######
 Spellforged Servitor     Conj/Summ      #.........   100%        7    #######
 Ignition                 Fire           #.........   100%        8    #######
 Dragon's Call            Summ           #.........   100%        9    #######
 Shatter                  Erth           #.........   100%        9    #######


Dungeon Overview and Level Annotations

Branches:
Dungeon (15/15)            Temple (0/1) D:6            Lair (6/6) D:11
  Swamp (4/4) Lair:2        Snake (0/4) Lair:2        Slime (0/5) Lair:6
    Orc (2/2) D:9             Elf (2/3) Orc:2        Vaults (0/5) D:14
 Depths (0/5) D:15

Altars:
Ashenzari
Cheibriados
Elyvilon
Fedhas
Makhleb
Okawaru
Qazlal
Ru
Sif Muna
Trog
Wu Jian
Xom
The Shining One
Beogh
Jiyva

Shops:
D:6 %   D:15 *   Orc:2 =[**(

Annotations:
D:3 exclusion: oklob plant


Innate Abilities, Weirdness & Mutations

You have a pair of large horns on your head.
You are completely covered in icy blue scales. (AC +4, rC+)
Your flesh is heat resistant. (rF+)
You may emit foul miasma when damaged in melee.
When hurt, damage is shared between your health and your magic reserves.
You regenerate magic rapidly.
When low on magic, you restore magic in place of health.
You are immune to rotting.
You are immune to clouds of flame.
Armour fits poorly on your strangely shaped body.


Message History

The peacekeeper closely misses you.
The ragged hierophant casts a spell at you.
A blast of power from the earth and the adjacent constructs strikes you!
* * * LOW HITPOINT WARNING * * *
The halazid warlock is engulfed in blazing flames.
The halazid warlock gestures at the saltling while chanting.
The saltling's animating energy erupts into ghostly fire!
The ghostly flame explodes!
The ghostly fireball engulfs the peacekeeper.
The peacekeeper completely resists.
The ghostly fireball engulfs the saltling.
The saltling completely resists.
The ghostly fireball engulfs the saltling.
The saltling completely resists.
The ghostly fireball engulfs the molten gargoyle.
The molten gargoyle completely resists.
The ghostly fireball engulfs the halazid warlock.
The halazid warlock completely resists.
The ghostly fireball engulfs you! You partially resist.
You feel drained.
You die...

...§..............
§§§§§.............
§§§.8.........#...
§§....8...........
§§................
..≈...8.p.........
.....§9#88.≈.≈....
....p8.888..).....
.....8L@888...L...
...).88888∩.......
.....§p88§........
..........∩.......
..................
.............p.#..
..................
.......p..........
...............


You could see 3 ragged hierophants, a servant of whispers, 2 halazid warlocks, a
crystal guardian, an ironbrand convoker, 3 peacekeepers, a molten gargoyle and
16 saltlings.

Vanquished Creatures
  An acid blob (Lair:6)
  The ghost of Kaesig the Warrior, an adept DsHu of Trog (Swamp:1)
  3 thorn hunters (Swamp:3)
  Donald (Orc:2)
  A fire giant (D:11)
  A deep elf sorcerer (Elf:1)
  2 orc warlords
  Louise (D:15)
  2 entropy weavers (Lair:6)
  A deep elf annihilator (Elf:1)
  Azrael (D:15)
  2 minotaurs
  The ghost of HarryHood the Basher, a journeyman GrBe of Trog (D:11)
  Harold (D:10)
  The ghost of COBRA the Cleaver, a journeyman MiFi of Cheibriados (D:12)
  A fire dragon (Lair:6)
  17 hydras
  A ragged hierophant (Desolation)
  2 vault guards (D:14)
  An ice dragon (Swamp:4)
  3 ghost crabs
  Fannar (Orc:1)
  Erica (D:9)
  A shambling mangrove (Swamp:2)
  A catoblepas (Lair:6)
  3 centaur warriors
  8 two-headed ogres
  8 alligators
  5 dancing weapons
  A queen ant (Lair:6)
  A vampire mage (D:15)
  9 death yaks
  A tengu warrior (D:15)
  3 orc high priests
  12 deep elf knights
  A fire crab (Lair:6)
  2 skeletal warriors (D:15)
  5 spriggan druids
  A spark wasp zombie (D:15)
  10 deep elf archers
  2 wizards (D:14)
  An unseen horror (D:12)
  An obsidian statue (D:13)
  8 swamp dragons
  A lindwurm (Lair:6)
  7 orc knights
  2 necromancers
  5 orc sorcerers
  A wolf spider (Lair:6)
  4 oklob plants (Lair:5)
  36 deep elf magi
  4 cyclopes
  5 ugly things
  A fire giant skeleton (D:15)
  8 elephants
  10 black mambas
  2 guardian serpents
  23 spiny frogs
  A gargoyle (D:15)
  7 torpor snails
  5 rime drakes
  6 komodo dragons
  2 kobold demonologists (D:14)
  An ice devil (D:11)
  A freezing wraith (D:14)
  A tengu conjurer (D:15)
  3 polar bears
  A jumping spider (shapeshifter) (D:15)
  18 trolls
  13 tyrant leeches
  10 saltlings (Desolation)
  14 hornets
  24 slime creatures
  11 dream sheep
  27 blink frogs
  2 meliai zombies
  A fire dragon zombie (D:15)
  13 hippogriffs
  2 bog bodies
  5 redbacks
  2 wraiths
  A shadow (D:15)
  3 air elementals
  48 yaks
  4 spriggans
  2 water elementals
  A vampire (D:15)
  Grum (D:11)
  A yak (shapeshifter) (D:15)
  Sigmund (D:5)
  9 wyverns
  3 basilisks
  20 humans (D:14)
  5 fire bats (D:11)
  4 fire elementals
  2 steam dragons (D:7)
  7 hungry ghosts
  27 vampire mosquitoes
  15 insubstantial wisps
  9 soldier ants (Lair:6)
  13 swamp worms
  An acid dragon (D:13)
  4 nagas (Lair:2)
  9 wargs
  7 two-headed ogre zombies
  A hell hound (D:15)
  31 water moccasins
  Duvessa (D:7)
  9 porcupines
  36 orc warriors
  16 swamp drakes
  5 ice beasts
  3 phantoms
  3 sky beasts (D:5)
  14 ogres
  A necrophage (D:9)
  An eye of draining (D:10)
  10 wolves
  14 centaurs
  9 crocodiles
  5 big kobolds
  A yaktaur zombie (D:15)
  22 bullfrogs
  A gnoll sergeant (D:12)
  6 earth elementals
  Dowan (D:7)
  A wyvern zombie (D:7)
  2 wyvern skeletons
  3 scorpions
  8 wights
  A troll zombie (D:9)
  6 electric eels
  6 crimson imps
  3 quasits
  3 bullfrog zombies
  5 centaur zombies
  8 orc priests
  6 centaur skeletons
  5 hounds
  A jelly (D:13)
  2 bullfrog skeletons
  22 orc wizards
  Ijyb (D:4)
  30 worker ants
  A killer bee zombie (D:9)
  6 ogre zombies (D:9)
  2 worker ant zombies
  Robin (D:2)
  11 adders
  7 gnolls
  3 shadow imps
  4 white imps (D:11)
  A worker ant simulacrum (D:11)
  2 adder skeletons (D:9)
  An adder zombie (D:5)
  2 worms (D:3)
  4 dart slugs
  6 leopard geckos
  77 orcs
  2 ball pythons (D:1)
  6 giant cockroaches
  10 goblins
  12 hobgoblins
  9 jackals
  28 kobolds
  4 quokkas
  11 bats
  2 frilled lizards
  2 goblin skeletons (D:9)
  5 goblin zombies (D:9)
  3 hobgoblin skeletons (D:9)
  3 hobgoblin zombies (D:9)
  2 leopard gecko skeletons (D:5)
  A leopard gecko zombie (D:2)
  2 orc skeletons (D:9)
  10 orc zombies (D:9)
  2 quokka skeletons
  4 rats
  5 briar patches (Swamp:3)
  5 fungi
  4 pillars of salt (Elf:2)
  4 plants
1174 creatures vanquished.

Vanquished Creatures (collateral kills)
  A tentacled monstrosity (Swamp:2)
  Roxanne (D:14)
  A hydra (Swamp:1)
  2 hornets (Swamp:2)
  A bog body (Swamp:1)
  A vampire mosquito (Swamp:1)
7 creatures vanquished.

Vanquished Creatures (others)
  A ragged hierophant (Desolation)
  A spriggan (Swamp:1)
  A spriggan druid (Swamp:4)
  2 swamp dragons (Swamp:3)
  A wolf spider zombie (D:15)
  A deep elf archer (Elf:1)
  A centaur skeleton (D:15)
  2 saltlings (Desolation)
  2 tyrant leeches
  A slime creature (Swamp:3)
  A hornet (Swamp:1)
  A swamp worm (Swamp:3)
  2 insubstantial wisps (Swamp:2)
  A swamp drake (Swamp:3)
  A centaur (D:13)
  A jelly (D:15)
  A gnoll (D:12)
  An orc (D:13)
  A briar patch (Swamp:3)
  2 bushes (Lair:6)
  20 fungi
  6 pillars of salt (Elf:2)
  36 plants
  16 toadstools (D:3)
  A withered plant (D:15)
104 creatures vanquished.

Grand Total: 1285 creatures vanquished

Notes
Turn   | Place    | Note
-------+----------+-------------------------------------------
     0 | D:1      | Petal the Demonspawn Monk began the quest for the Orb.
     0 | D:1      | Reached XP level 1. HP: 18/18 MP: 1/1
   157 | D:1      | Gained mutation: When hurt, damage is shared between your
                  | health and your magic reserves. [demonic ancestry]
   157 | D:1      | Reached XP level 2. HP: 22/24 MP: 2/2
   601 | D:1      | Gained mutation: You have a pair of small horns on your
                  | head. [demonic ancestry]
   601 | D:1      | Reached XP level 3. HP: 29/29 MP: 3/3
  1189 | D:2      | Found a stormy altar of Qazlal.
  1192 | D:2      | Noticed an earth elemental
  1193 | D:2      | Noticed a water elemental
  1193 | D:2      | Noticed an air elemental
  1193 | D:2      | Noticed a fire elemental
  1265 | D:2      | Became a worshipper of Qazlal Stormbringer
  1265 | D:2      | Reached * piety under Qazlal
  1265 | D:2      | Reached ** piety under Qazlal
  1317 | D:2      | Reached skill level 1 in Armour
  1373 | D:2      | Noticed Robin
  1382 | D:2      | Gained mutation: You have a pair of horns on your head.
                  | [demonic ancestry]
  1382 | D:2      | Reached XP level 4. HP: 34/35 MP: 4/4
  1388 | D:2      | Reached skill level 1 in Invocations
  1405 | D:2      | Killed Robin
  1779 | D:3      | Reached *** piety under Qazlal
  1779 | D:3      | Reached XP level 5. HP: 17/41 MP: 2/6
  2289 | D:3      | Found a shimmering altar of Xom.
  2298 | D:3      | Reached skill level 2 in Invocations
  2299 | D:3      | Found a burning altar of Makhleb.
  2385 | D:3      | Reached XP level 6. HP: 39/47 MP: 7/7
  2804 | D:3      | Found an ornate altar of the Wu Jian Council.
  2885 | D:3      | Found a blossoming altar of Fedhas.
  2899 | D:3      | Noticed an oklob plant
  2962 | D:4      | Noticed Ijyb
  2991 | D:4      | Killed Ijyb
  2991 | D:4      | Reached skill level 1 in Shields
  3376 | D:4      | Reached skill level 3 in Invocations
  3376 | D:4      | Gained mutation: You are partially covered in icy blue
                  | scales. (AC +2) [demonic ancestry]
  3376 | D:4      | Reached XP level 7. HP: 52/53 MP: 7/9
  3802 | D:4      | Found a shattered altar of Ashenzari.
  3859 | D:5      | Entered Level 5 of the Dungeon
  3894 | D:5      | Reached skill level 5 in Axes
  3900 | D:5      | Reached **** piety under Qazlal
  4057 | D:5      | Found a glowing golden altar of the Shining One.
  4094 | D:5      | Noticed Sigmund
  4101 | D:5      | Killed Sigmund
  4201 | D:5      | Reached skill level 4 in Invocations
  4201 | D:5      | Gained mutation: You are immune to rotting. [demonic
                  | ancestry]
  4201 | D:5      | Reached XP level 8. HP: 38/60 MP: 9/11
  4401 | D:5      | Found a snail-covered altar of Cheibriados.
  4408 | D:5      | Found a sacrificial altar of Ru.
  4838 | D:6      | Found Busir's Food Emporium.
  4978 | D:6      | Reached skill level 5 in Invocations
  5089 | D:6      | Found a staircase to the Ecumenical Temple.
  5183 | D:6      | You fall through a shaft for 2 floors!
  5378 | D:7      | Noticed a two-headed ogre
  5380 | D:7      | Found an iron altar of Okawaru.
  5392 | D:7      | Killed a two-headed ogre
  5392 | D:7      | Reached ***** piety under Qazlal
  5392 | D:7      | Reached skill level 6 in Invocations
  5392 | D:7      | Gained mutation: You regenerate magic rapidly. [demonic
                  | ancestry]
  5392 | D:7      | Reached XP level 9. HP: 15/67 MP: 3/13
  5702 | D:7      | Reached skill level 5 in Armour
  5842 | D:6      | Reached skill level 5 in Fighting
  5914 | D:6      | Found a white marble altar of Elyvilon.
  5917 | D:6      | Found a deep blue altar of Sif Muna.
  6256 | D:7      | Noticed Duvessa
  6261 | D:7      | Noticed Dowan
  6267 | D:7      | Killed Duvessa
  6276 | D:7      | Killed Dowan
  6422 | D:7      | Reached skill level 7 in Invocations
  7066 | D:8      | Identified the Almanac of the Other Side
  7414 | D:9      | Gained mutation: You may emit foul miasma when damaged in
                  | melee. [demonic ancestry]
  7414 | D:9      | Reached XP level 10. HP: 74/74 MP: 15/15
  7462 | D:9      | Noticed Erica
  7549 | D:9      | Killed Erica
  7549 | D:9      | Reached skill level 5 in Dodging
  7654 | D:9      | Reached skill level 8 in Invocations
  7985 | D:9      | Found a staircase to the Orcish Mines.
  8303 | Orc:1    | Entered Level 1 of the Orcish Mines
  8303 | Orc:1    | Noticed a two-headed ogre
  8315 | Orc:1    | Killed a two-headed ogre
  8455 | Orc:1    | Noticed an orc sorcerer
  8456 | Orc:1    | Noticed a deep elf knight
  8729 | Orc:1    | Killed an orc sorcerer
  8738 | Orc:1    | Killed a deep elf knight
  8738 | Orc:1    | Reached skill level 9 in Invocations
  8757 | Orc:1    | Noticed a deep elf mage
  8759 | Orc:1    | Gained mutation: When low on magic, you restore magic in
                  | place of health. [demonic ancestry]
  8759 | Orc:1    | Reached XP level 11. HP: 38/81 MP: 10/17
  8762 | Orc:1    | Noticed an orc knight
  9010 | Orc:1    | Killed a deep elf mage
  9011 | Orc:1    | Killed an orc knight
  9321 | Orc:1    | Noticed an orc warlord
  9345 | Orc:1    | Killed an orc warlord
  9349 | Orc:1    | Got a bloodstained chain mail
  9362 | Orc:1    | Noticed an orc high priest
  9532 | Orc:1    | Noticed a sixfirhy
  9540 | Orc:1    | Killed an orc high priest
  9578 | Orc:1    | Identified the +6 chain mail of the Constellations {SInv}
                  | (You took it off an orc warlord on level 1 of the Orcish
                  | Mines)
  9650 | Orc:1    | Noticed an orc knight
  9664 | Orc:1    | Killed an orc knight
  9707 | Orc:1    | Noticed a two-headed ogre
  9716 | Orc:1    | Killed a two-headed ogre
  9716 | Orc:1    | Reached skill level 10 in Axes
  9731 | Orc:1    | Reached skill level 10 in Invocations
 10232 | Orc:1    | Noticed Fannar
 10249 | Orc:1    | Killed Fannar
 10420 | D:10     | Entered Level 10 of the Dungeon
 10511 | D:10     | Noticed Harold
 10535 | D:10     | Killed Harold
 10535 | D:10     | Gained mutation: You are mostly covered in icy blue scales.
                  | (AC +3) [demonic ancestry]
 10535 | D:10     | Reached XP level 12. HP: 86/91 MP: 17/19
 10580 | D:10     | Noticed a two-headed ogre
 10589 | D:10     | Killed a two-headed ogre
 10832 | D:10     | Noticed a two-headed ogre
 10850 | D:10     | Killed a two-headed ogre
 11299 | D:11     | Noticed Grum
 11305 | D:11     | Noticed a two-headed ogre
 11313 | D:11     | Killed a two-headed ogre
 11324 | D:11     | Killed Grum
 11374 | D:11     | Reached skill level 11 in Invocations
 11474 | D:11     | Reached ****** piety under Qazlal
 11487 | D:11     | Noticed a fire giant
 11490 | D:11     | Noticed a six-headed hydra
 11509 | D:12     | Found a runed gate.
 11512 | D:12     | Found a runed gate.
 11515 | D:12     | Found a runed gate.
 11517 | D:12     | Noticed a minotaur
 11524 | D:12     | Reached skill level 5 in Shields
 11582 | D:12     | Noticed COBRA's ghost (journeyman MiFi)
 11728 | D:11     | Reached skill level 12 in Invocations
 11759 | D:11     | Noticed HarryHood's ghost (journeyman GrBe)
 11778 | D:11     | Gained mutation: Your flesh is heat resistant. (rF+)
                  | [demonic ancestry]
 11778 | D:11     | Reached XP level 13. HP: 94/98 MP: 22/22
 11837 | D:11     | Killed a fire giant
 12135 | D:11     | Found a runed gate.
 12135 | D:11     | Found a runed gate.
 12135 | D:11     | Found a runed gate.
 12226 | D:11     | Killed HarryHood's ghost
 12618 | D:11     | Found a staircase to the Lair.
 13705 | D:12     | Killed COBRA's ghost
 13754 | D:12     | Killed a minotaur
 13772 | D:12     | Got a bloodstained mace {crush}
 13825 | D:13     | Reached skill level 13 in Invocations
 14581 | D:13     | Got a blackened ring mail
 14592 | D:13     | Identified the +0 ring mail of Darkness {+Inv MR++ Int-5
                  | SInv} (You found it on level 13 of the Dungeon)
 14861 | D:14     | HP: 5/101 [necromancer/bolt of cold (27)]
 14925 | D:14     | Gained mutation: You are immune to clouds of flame.
                  | [demonic ancestry]
 14925 | D:14     | Reached XP level 14. HP: 55/108 MP: 16/24
 14989 | D:14     | Got a jewelled scale mail
 15021 | D:14     | Found a gate to the Vaults.
 15054 | D:14     | Identified the +1 scale mail "Cypt" {rC+ rCorr} (You found
                  | it on level 14 of the Dungeon)
 15210 | D:14     | Found a bloodstained altar of Trog.
 15245 | D:14     | Noticed Roxanne
 15294 | D:14     | Killed Roxanne
 15294 | D:14     | Reached skill level 14 in Invocations
 16131 | D:15     | Entered Level 15 of the Dungeon
 16301 | D:15     | Got a pitted ring mail
 16312 | D:15     | Identified the cursed +1 ring mail of Koemutos {*Contam
                  | MP+9 Dex+2} (You found it on level 15 of the Dungeon)
 16316 | D:15     | Identified a scroll of acquirement
 16670 | D:15     | Found a staircase to the Depths.
 16803 | D:15     | Gained mutation: Armour fits poorly on your strangely
                  | shaped body. [mutagenic glow]
 16930 | D:15     | Noticed Louise
 16969 | D:15     | Killed Louise
 17242 | D:15     | Noticed Azrael
 17256 | D:15     | Killed Azrael
 17280 | D:15     | Found Cesom's Pet Rocks.
 17684 | Lair:1   | Entered Level 1 of the Lair of Beasts
 17919 | Lair:1   | Reached skill level 10 in Shields
 17919 | Lair:1   | Reached skill level 15 in Invocations
 17919 | Lair:1   | Reached XP level 15. HP: 114/114 MP: 26/26
 19353 | Lair:2   | Found a staircase to the Swamp.
 19398 | Lair:2   | Found a staircase to the Snake Pit.
 20438 | Lair:4   | Gained mutation: You have a pair of large horns on your
                  | head. [demonic ancestry]
 20438 | Lair:4   | Reached XP level 16. HP: 118/120 MP: 25/27
 20496 | Lair:4   | Reached skill level 16 in Invocations
 20568 | Lair:4   | Identified the Catalogue of Lucky Fire
 20626 | Lair:4   | Found a labyrinth entrance.
 20635 | Lab      | Entered a labyrinth
 21991 | Lair:4   | Found an iron altar of Okawaru.
 22048 | Lair:4   | Got a slimy battleaxe
 23567 | Lair:6   | Entered Level 6 of the Lair of Beasts
 23649 | Lair:6   | Paralysed by fainting for 9 turns
 23678 | Lair:6   | Reached skill level 17 in Invocations
 24629 | Lair:6   | Found a runed door.
 25091 | Lair:6   | Found a runed door.
 25092 | Lair:6   | Found a viscous altar of Jiyva.
 25093 | Lair:6   | Found a staircase to the Slime Pits.
 25093 | Lair:6   | Noticed an acid blob
 25105 | Lair:6   | Killed an acid blob
 25105 | Lair:6   | Reached XP level 17. HP: 46/126 MP: 8/29
 25546 | Lair:6   | Identified the +4 battleaxe "Daireyl" {antimagic, rPois
                  | Int+5} (You found it on level 4 of the Lair of Beasts)
 25702 | Swamp:1  | Entered Level 1 of the Swamp
 25723 | Swamp:1  | Reached skill level 18 in Invocations
 26191 | Swamp:1  | Found a runed door.
 26194 | Swamp:1  | Noticed Kaesig's ghost (adept DsHu)
 26270 | Swamp:1  | Killed Kaesig's ghost
 26847 | Swamp:2  | Noticed a tentacled monstrosity
 26872 | Swamp:2  | Killed a tentacled monstrosity
 26872 | Swamp:2  | Reached skill level 10 in Fighting
 27887 | Swamp:3  | Reached skill level 15 in Shields
 28757 | Swamp:3  | Reached skill level 19 in Invocations
 28869 | Swamp:4  | Entered Level 4 of the Swamp
 29700 | Swamp:4  | Got a decaying rune of Zot
 29971 | Orc:2    | Entered Level 2 of the Orcish Mines
 29971 | Orc:2    | Found Rucaol's General Store.
 29993 | Orc:2    | Gained mutation: You are completely covered in icy blue
                  | scales. (AC +4, rC+) [demonic ancestry]
 29993 | Orc:2    | Reached XP level 18. HP: 134/134 MP: 21/31
 30043 | Orc:2    | Reached skill level 20 in Invocations
 30318 | Orc:2    | Found a staircase to the Elven Halls.
 30330 | Orc:2    | Noticed Donald
 30369 | Orc:2    | Killed Donald
 30371 | Orc:2    | Got a scorched shield {Donald}
 30413 | Orc:2    | Identified the +1 shield of the Nine Dances {rC+ Dex+5}
                  | (You took it off Donald on level 2 of the Orcish Mines)
 30418 | Orc:2    | Found Xiorru's Jewellery Shoppe.
 30441 | Orc:2    | Found Jyenwesasm's Antique Armour Boutique.
 30551 | Orc:2    | Found a roughly hewn altar of Beogh.
 30648 | Orc:2    | Found Aeaghiv's Alliterative Accessories.
 30656 | Orc:2    | Bought a scroll of acquirement for 676 gold pieces
 30656 | Orc:2    | Bought a manual of Axes for 1435 gold pieces
 30742 | Orc:2    | Found Ycusy's Antique Weapon Shoppe.
 31122 | Orc:2    | Bought the ring of Byun {rPois rF+ MP+9 SInv} for 551 gold
                  | pieces
 31139 | Elf:1    | Entered Level 1 of the Elven Halls
 31169 | Elf:1    | Reached skill level 15 in Axes
 31724 | Elf:1    | Got an ichor-stained plate armour
 31735 | Elf:1    | Identified the +1 plate armour of Sufoz {Str+4} (You found
                  | it on level 1 of the Elven Halls)
 31776 | Elf:1    | Identified Sif Muna's Papyrus of Attacks and Summoning
 32486 | Elf:2    | Found a ruined gateway.
 32491 | Elf:2    | Reached skill level 21 in Invocations
 32540 | Desolati | Entered the Desolation of Salt
 32570 | Desolati | Killed from afar by a halazid warlock

Vault maps used:
D:1:      erik_arrival_triangle_medium
D:2:      nicolae_qazlal_style_of_elements, first_ration, minmay_pentomino_u2,
          uniq_robin
D:3:      grunt_temple_overflow_champion_of_chaos,
          nicolae_overflow_hidden_temple, tgw_fedhas
D:4:      lemuel_coloured_pillars_altar, uniq_ijyb
D:5:      amethyst_overflow_temple_binary, lemuel_doored_altar, uniq_sigmund
D:6:      gammafunk_temple_overflow_pools, minmay_temple_entry_junction,
          serial_shops, shop
D:7:      kennysheep_steamy, old_standard_altar, hangedman_glass_teeth,
          grunt_ogre_cave, uniq_duvessa
D:9:      zombieorc2_lemuel, uniq_erica
D:10:     uniq_harold
D:11:     minmay_firetagon, gammafunk_ghost_icy, kennysheep_decorative_pillar,
          uniq_grum
D:12:     maelrawn_ghost_labyrinth_escape, nooodl_orcs_dogs
D:13:     minmay_protected_statue
D:14:     grunt_vaults_entry_tiered, trog_ov_bears_minmay, uniq_roxanne
D:15:     gammafunk_depths_entry_grave, guppyfry_shop_earth, uniq_louise,
          uniq_azrael
Lair:1:   serial_bayou_pond_b
Lair:2:   swamp_mist_pool, minmay_snake_entry_guardpost_medium
Lair:4:   lab_entry_generic, lemuel_centaur_altar
Lair:5:   grunt_megastairs_3, minmay_lair_oklob_chamber
Lair:6:   hangedman_lair_tendril_chambers, wormcave, slime_altar_2,
          minmay_another_anthill
Swamp:1:  ebering_ghost_funeral_grove, evilmike_swamp_ruin_house_2
Swamp:2:  hangedman_swamp_cone, hangedman_swamp_blocks, swamp_pool3,
          nicolae_swamp_triple_paths, infiniplex_staircase_pool_2
Swamp:3:  nicolae_swamp_rocky_clearing, swamp_pool5
Swamp:4:  swamp_alternative
Orc:1:    lemuel_ogre_cave, elf_legates, uniq_fannar
Orc:2:    grunt_orc_gardens, grunt_orc_garden, grunt_orc_garden,
          grunt_orc_garden, grunt_orc_garden, basic_altar,
          nicolae_alphabet_shops, uniq_donald
Elf:1:    eino_elf_arrival_the_gate, minmay_elf_sorcery
Elf:2:    serial_shops, nicolae_shop_stone, portal_desolation_entry_garden,
          portal_ice_cave_entry_ice_statue_one
Lab:      labyrinth_mini_lab, nicolae_lab_garden, lab_statue,
          labyrinth_skeletal_remains, nicolae_lab_lava, nicolae_lab_big_swirl,
          nicolae_lab_stuck, nicolae_lab_diamond

Skill      XL: |  1  2  3  4  5  6  7  8  9 10 11 12 13 14 15 16 17 18 |
---------------+-------------------------------------------------------+-----
Axes           | 3 4 5 7 8 9 10 11 12 13 14 16 | 16.4
Stealth        | 2 |  2.1
Dodging        | 3 4 5 6 7 8 |  8.5
Armour         | 1 2 3 4 5 7 8 9 |  9.1
Invocations    | 1 2 3 4 6 7 9 10 12 13 15 17 19 21 | 21.2
Shields        | 1 3 4 6 8 10 11 14 15 | 15.0
Fighting       | 4 5 6 7 8 9 10 | 10.8
Evocations     | |  0.3

Action                   |  1- 3 |  4- 6 |  7- 9 | 10-12 | 13-15 | 16-18 || total
-------------------------+-------+-------+-------+-------+-------+-------++-------
Melee: Hand axe          |   133 |   120 |   155 |   249 |       |       ||   657
       Headbutt          |    12 |    35 |    68 |   158 |   241 |   499 ||  1013
       War axe           |       |   113 |   152 |   447 |  1075 |  2153 ||  3940
Invok: Upheaval          |       |       |       |     4 |    23 |    33 ||    60
       Elemental Force   |       |       |       |       |     3 |     2 ||     5
       Disaster Area     |       |       |       |       |       |     1 ||     1
Evoke: Wand              |       |       |       |       |     1 |    19 ||    20
       Box of beasts     |       |       |       |       |     1 |       ||     1
  Use: Potion            |       |     4 |       |     1 |     3 |     7 ||    15
       Scroll            |       |       |       |     3 |    27 |    10 ||    40
 Stab: Sleeping          |     5 |       |       |       |       |       ||     5
       Invisible         |       |     6 |       |     2 |       |       ||     8
       Confused          |       |       |       |       |       |     3 ||     3
       Distracted        |       |       |       |       |       |     2 ||     2
  Eat: Chunk             |     2 |     4 |     7 |    17 |    23 |    26 ||    79
       Ration            |       |     1 |     1 |     2 |     2 |     5 ||    11
Armor: Robe              |    13 |       |       |       |       |       ||    13
       Chain mail        |    59 |   128 |       |   173 |   486 |    18 ||   864
       Skin              |       |     9 |       |       |       |       ||     9
       Ring mail         |       |       |   105 |    48 |    24 |       ||   177
       Pearl dragon scal |       |       |       |       |       |   540 ||   540
Dodge: Dodged            |    78 |    47 |   122 |   243 |   315 |  1015 ||  1820
       Deflected         |       |       |     3 |     5 |    24 |    48 ||    80
Block: Other             |     1 |    19 |       |       |       |       ||    20
       Buckler           |       |    48 |   147 |   382 |   303 |       ||   880
       Shield            |       |       |       |       |   317 |  2325 ||  2642
       Large shield      |       |       |       |       |   424 |   322 ||   746

Table legend:
 A = Non-vault XP
 B = Vault XP
 C = Vault XP percentage of total XP
 D = Non-vault monster count
 E = Vault monster count
 F = Vault count percentage of total count
                 A         B        C        D         E       F
            +---------+---------+-------+---------+---------+-------
      Total |  187821 |  119896 |  39.0 |     811 |     363 |  30.9
            +---------+---------+-------+---------+---------+-------
        D:1 |      46 |       0 |   0.0 |      27 |       0 |   0.0
        D:2 |      61 |      38 |  38.4 |      17 |      14 |  45.2
        D:3 |     229 |      46 |  16.7 |      44 |       1 |   2.2
        D:4 |     307 |      36 |  10.5 |       5 |       1 |  16.7
        D:5 |     806 |     205 |  20.3 |      20 |       1 |   4.8
        D:6 |     677 |       0 |   0.0 |      15 |       0 |   0.0
        D:7 |    1524 |     724 |  32.2 |      16 |       5 |  23.8
        D:8 |     718 |       0 |   0.0 |      10 |       0 |   0.0
        D:9 |     822 |    1879 |  69.6 |      19 |      37 |  66.1
       D:10 |    3172 |    1023 |  24.4 |      18 |       1 |   5.3
       D:11 |    7608 |    5168 |  40.5 |      49 |      21 |  30.0
       D:12 |    6288 |    3921 |  38.4 |      41 |      18 |  30.5
       D:13 |    7111 |     700 |   9.0 |      35 |       1 |   2.8
       D:14 |    7712 |   10326 |  57.2 |      48 |      28 |  36.8
       D:15 |    6650 |    8255 |  55.4 |      29 |      15 |  34.1
     Lair:1 |    3699 |       0 |   0.0 |      20 |       0 |   0.0
     Lair:2 |    5363 |     646 |  10.8 |      20 |       4 |  16.7
     Lair:3 |    4099 |       0 |   0.0 |      19 |       0 |   0.0
     Lair:4 |   10100 |     447 |   4.2 |      33 |       4 |  10.8
     Lair:5 |   11763 |    4104 |  25.9 |      33 |      11 |  25.0
     Lair:6 |   14665 |   25135 |  63.2 |      39 |      88 |  69.3
    Swamp:1 |   11628 |    3985 |  25.5 |      37 |       3 |   7.5
    Swamp:2 |   10308 |       0 |   0.0 |      25 |       0 |   0.0
    Swamp:3 |   18639 |     406 |   2.1 |      43 |       3 |   6.5
    Swamp:4 |   11973 |   13962 |  53.8 |      34 |      25 |  42.4
      Orc:1 |    5271 |    6947 |  56.9 |      33 |      16 |  32.7
      Orc:2 |    3308 |   12099 |  78.5 |      22 |      28 |  56.0
      Elf:1 |   18355 |    8772 |  32.3 |      32 |      13 |  28.9
      Elf:2 |   14919 |    3652 |  19.7 |      28 |       4 |  12.5
        Lab |       0 |    2305 | 100.0 |       0 |       7 | 100.0
 Desolation |       0 |    5115 | 100.0 |       0 |      14 | 100.0
            +---------+---------+-------+---------+---------+-------
